 Dungeon Crawl Stone Soup version 0.20-a0-967-g62cfa5d (webtiles) character file.

2417 esteth the Cleaver (level 9, 0/115 (118) HPs)
             Began as a Demonspawn Abyssal Knight on Apr 7, 2017.
             Was a Priest of Lugonu.
             Succumbed to a killer bee's poison
             ... on level 7 of the Dungeon.
             The game lasted 00:16:43 (7461 turns).

esteth the Cleaver (Demonspawn Abyssal Knight)      Turns: 7461, Time: 00:16:44

HP:   0/115 (118)   AC: 24    Str: 13 (16) XL:     9   Next: 23%
MP:   9/15          EV:  2    Int: 13 (14) God:    Lugonu [***...]
Gold: 329           SH:  0    Dex:  9 (12) Spells: 8/8 levels left

rFire    . . .     SeeInvis .   a - +2 hand axe
rCold    . . .     Gourm    +   (no shield)
rNeg     + + +     Faith    .   (armour currently unavailable)
rPois    +         Spirit   .   (helmet currently unavailable)
rElec    .         Reflect  .   (cloak currently unavailable)
rCorr    .         Harm     .   (gloves currently unavailable)
MR       .....     NoTele   +   (boots currently unavailable)
Stlth    +.........             k - amulet of the gourmand
Regen    0.3/turn               f - +3 ring of slaying
MPRegen  0.2/turn               (no ring)

@: lethally poisoned (0 -> -1), tree-form, hasted, drained, very quick
A: (claws 0), (hooves 0), (horns 0), (camouflage 0), powered by pain 2, robust 1
a: Depart the Abyss, Bend Space, Banish, Renounce Religion


You were on level 7 of the Dungeon.
You worshipped Lugonu.
Lugonu was most pleased with you.
You were very full.
You were a tree.
You visited 1 branch of the dungeon, and saw 7 of its levels.
You visited the Abyss 1 time.

You collected 329 gold pieces.

Inventory:

Hand Weapons
 a - a +2 hand axe (weapon)
 y - a +0 battleaxe
Armour
 b - a +0 chain mail
 p - a +0 pair of gloves
 v - a +0 plate armour (melded)
 w - a +0 ring mail
 x - a +0 cloak (melded)
Jewellery
 f - a +3 ring of slaying (left branch)
 k - an amulet of the gourmand (around neck)
 C - an uncursed amulet of magic regeneration
Wands
 n - a wand of acid (9/15)
 q - a wand of polymorph (24/24)
 A - a wand of digging (8/24)
Scrolls
 e - 2 scrolls of fear
 g - 7 scrolls of recharging
 h - 3 scrolls of remove curse
 l - 5 scrolls of identify
 r - a scroll of vulnerability {unknown}
 u - 6 scrolls of teleportation
 z - 2 scrolls of blinking {unknown}
Potions
 i - 2 potions of might
Comestibles
 c - 7 bread rations
 d - 2 meat rations
 j - 5 fruits
 o - a royal jelly
 D - 6 chunks of flesh


   Skills:
 - Level 7.0(6.8) Fighting
 - Level 8.3(8.1) Axes
 - Level 1.7(1.6) Armour
 - Level 0.8(0.6) Dodging
 + Level 8.1(7.9) Invocations


You had 8 spell levels left.
You didn't know any spells.

Dungeon Overview and Level Annotations

Branches:
Dungeon (7/15)             Temple (0/1) D:6

Altars:
Cheibriados
Fedhas
Hepliaklqana
Kikubaaqudgha
Nemelex Xobeh
Okawaru
Qazlal
Ru
Trog
Zin

Shops:
D:5 *   D:6 ?*}?!

Annotations:
D:7 corrupted


Innate Abilities, Weirdness & Mutations

((You have sharp fingernails.))
((You have hoof-like feet.))
((You have a pair of horns on your head.))
You sometimes gain power by taking damage.
((Your skin changes colour to match your surroundings (Stealth+).))
You are robust. (+10% HP)


Message History

You feel very buoyant.
You fly up into the air.
The worldbinder hits the killer bee. x2
The killer bee dies!
A starcursed mass splits.
It was a potion of degeneration.
There was something very wrong with that liquid.
You feel weakened.
You feel dopey.
You feel clumsy.
* * * LOW HITPOINT WARNING * * *
You feel sick.
It was a potion of lignification.
You turn into a tree.
Your +0 cloak melds into your body.
Your +0 plate armour melds into your body.
Your roots penetrate the ground.
The worldbinder calls forth creatures from the Snake Pit!
The spatial maelstrom is devoured by a tear in reality.
* * * LOW HITPOINT WARNING * * *
You feel sick.
* * * LOW HITPOINT WARNING * * *
You feel sick.
You die...

##....##.###..##X##...
....#....N§Stx........ ..#
#........§.§.#...#.#.......
.........##........#.......## .
.......##N...h†...##........####.
.......##..z......##....# ...#...
.).....##.#.#...........###....#
........#.....#...#.........#.###
.......#........♣>............#..
.......##................###.....
.##..###..###.............##.....
####.####.##.....................
# #........?......<.............
# ######.##...#....(..........).
####................#............
......###....##.....#............
###..........##.....####..##..#..


You could see a neutral apocalypse crab (wandering), a neutral black mamba
(wandering), a neutral raiju (wandering), 2 neutral nagas, a neutral small
abomination (wandering) and a neutral flying skull (wandering).

Vanquished Creatures
  The ghost of CalmDownMonkey the Covert, a novice SpEn (D:6)
  Edmund (D:6)
  2 water moccasins
  2 sky beasts
  A necrophage (D:5)
  3 ogres
  A bullfrog (D:6)
  2 scorpions
  2 killer bees (D:7)
  2 howler monkeys
  3 crimson imps
  5 orc priests
  Crazy Yiuf (D:6)
  2 hounds
  4 orc wizards
  An iguana (D:6)
  4 worker ants
  Terence (D:2)
  A hound skeleton (D:7)
  A howler monkey zombie (D:6)
  A worker ant zombie (D:7)
  16 adders
  3 shadow imps
  3 oozes
  2 adder skeletons
  4 worms
  2 dart slugs
  3 leopard geckos
  20 orcs
  2 ball pythons (D:1)
  8 giant cockroaches
  6 goblins
  4 hobgoblins
  6 quokkas
  7 bats
  7 frilled lizards
  2 kobolds
  2 leopard gecko skeletons
  8 rats
146 creatures vanquished.

Vanquished Creatures (others)
  4 killer bees (D:7)
  2 starspawn tentacles (D:7)
  A withered plant (D:2)
7 creatures vanquished.

Grand Total: 153 creatures vanquished

Notes
Turn   | Place    | Note
-------+----------+-------------------------------------------
     0 | Abyss:1  | esteth the Demonspawn Abyssal Knight began the quest for the Orb.
     0 | Abyss:1  | Reached XP level 1. HP: 18/18 MP: 2/2
    49 | Abyss:1  | Noticed a ynoxinul
    50 | D:1      | Escaped the Abyss
   306 | D:1      | Reached * piety under Lugonu
   328 | D:1      | Gained mutation: You sometimes gain a little power by taking damage. [demonic ancestry]
   328 | D:1      | Reached XP level 2. HP: 22/24 MP: 3/3
   760 | D:1      | Reached XP level 3. HP: 29/29 MP: 4/4
  1213 | D:2      | Noticed Terence
  1225 | D:2      | Killed Terence
  1269 | D:2      | Gained mutation: You have large cloven feet. [demonic ancestry]
  1269 | D:2      | Reached XP level 4. HP: 11/35 MP: 5/5
  1876 | D:2      | Found an ancient bone altar of Kikubaaqudgha.
  2412 | D:2      | Reached ** piety under Lugonu
  2421 | D:2      | Found a sacrificial altar of Ru.
  2500 | D:3      | Found a bloodstained altar of Trog.
  2501 | D:3      | Found a hazy altar of Hepliaklqana.
  2612 | D:3      | Gained mutation: You have a pair of small horns on your head. [potion of mutation]
  2612 | D:3      | Gained mutation: Your skin changes colour to match your surroundings (Stealth+). [potion of mutation]
  2612 | D:3      | Gained mutation: You are robust. (+10% HP) [potion of mutation]
  2671 | D:3      | Found a stormy altar of Qazlal.
  2908 | D:3      | Found a blossoming altar of Fedhas.
  3007 | D:4      | Found a sparkling altar of Nemelex Xobeh.
  3077 | D:4      | Gained mutation: You have sharp fingernails. [demonic ancestry]
  3077 | D:4      | Reached XP level 5. HP: 46/46 MP: 6/6
  3079 | D:4      | Found an iron altar of Okawaru.
  3265 | D:4      | Found a bloodstained altar of Trog.
  3331 | D:4      | Noticed an ogre
  3352 | D:4      | Killed an ogre
  3352 | D:4      | Reached skill level 5 in Fighting
  3352 | D:4      | Gained mutation: You sometimes gain power by taking damage. [demonic ancestry]
  3352 | D:4      | Reached XP level 6. HP: 18/56 MP: 7/7
  4006 | D:5      | Entered Level 5 of the Dungeon
  4059 | D:5      | Reached XP level 7. HP: 18/66 MP: 8/8
  4563 | D:5      | Reached skill level 5 in Axes
  4780 | D:5      | Found Zin's Purification Station.
  4783 | D:5      | Found a glowing silver altar of Zin.
  4909 | D:5      | Reached *** piety under Lugonu
  5176 | D:5      | Gained mutation: You have a pair of horns on your head. [demonic ancestry]
  5176 | D:5      | Reached XP level 8. HP: 62/71 MP: 9/9
  5449 | D:6      | Found Nigaah's Magic Scroll Shop.
  5565 | D:6      | Found Bued Cep's General Store.
  5637 | D:6      | Found a snail-covered altar of Cheibriados.
  5671 | D:6      | Found Liulet's Magic Scroll Shop.
  5677 | D:6      | Noticed CalmDownMonkey's ghost (novice SpEn)
  5725 | D:6      | Killed CalmDownMonkey's ghost
  5908 | D:6      | Found Kehemn's Gadget Shop.
  5954 | D:6      | Found a staircase to the Ecumenical Temple.
  6394 | D:6      | Noticed Edmund
  6408 | D:6      | Killed Edmund
  6649 | D:6      | Found a runed door.
  6731 | D:6      | Reached skill level 5 in Invocations
  6780 | D:6      | Noticed Crazy Yiuf
  6788 | D:6      | Killed Crazy Yiuf
  6843 | D:6      | Found Cauladat's Distillery.
  6990 | D:7      | Gained mutation: You have hoof-like feet. [demonic ancestry]
  6990 | D:7      | Reached XP level 9. HP: 58/77 MP: 13/13
  7276 | D:7      | Reached **** piety under Lugonu
  7446 | D:7      | Corrupted D:7
  7446 | D:7      | Noticed a worldbinder
  7446 | D:7      | Noticed a cacodemon
  7446 | D:7      | Noticed an apocalypse crab
  7446 | D:7      | Noticed a starcursed mass
  7446 | D:7      | Noticed a spatial maelstrom
  7446 | D:7      | Noticed a large abomination
  7446 | D:7      | HP: 3/77 [poisoned by a killer bee]
  7452 | D:7      | HP: 1/77 [poisoned by a killer bee]
  7454 | D:7      | Noticed a black mamba
  7458 | D:7      | HP: 1/115 [poisoned by a killer bee]
  7461 | D:7      | Succumbed to a killer bee's poison

Vault maps used:
D:1:      doesnt_arrival_eight_statues, minmay_misc_feat_doors, fountainhead,
          minmay_shallow_snake_nest
D:2:      kiku_gazebo_garden_becter, nicolae_overflow_crystal_walls,
          roderic_aztec_sauvastika, uniq_terence
D:3:      grunt_qazlal_sundering, chequers_temple_overflow_statue_of_worship,
          fedhas_altar_1, first_bread
D:4:      old_standard_altar, kennysheep_okawaru_gauntlet, st_stairs_9,
          trog_book
D:5:      zin_purify, gup_sewer_entry_glass
D:6:      lemuel_round_altar, minmay_temple_entry_mist, serial_shops,
          nicolae_shop_statue_plus, shop,
          nicolae_shop_competitors_out_of_business, shop_statue,
          kennysheep_mini_moat, uniq_edmund, uniq_crazy_yiuf_cottage
D:7:      nicolae_ossuary_entry_giza, grunt_livestock

Skill      XL: |  1  2  3  4  5  6  7  8  9 |
---------------+----------------------------+-----
Axes           | 2 3 4 6 8 |  8.3
Fighting       | 4 5 7 |  7.0
Invocations    | 6 8 |  8.1
Armour         | |  1.7
Dodging        | |  0.8

Action                   |  1- 3 |  4- 6 |  7- 9 || total
-------------------------+-------+-------+-------++-------
Melee: Hand axe          |    98 |   177 |   250 ||   525
       Unarmed           |     4 |       |       ||     4
       Kick              |       |    51 |    59 ||   110
       Headbutt          |       |    18 |    45 ||    63
Invok: Depart the Abyss  |     1 |       |       ||     1
       Corrupt           |       |       |     1 ||     1
  Use: Potion            |       |     9 |     4 ||    13
       Scroll            |       |    11 |     2 ||    13
 Stab: Sleeping          |       |     1 |       ||     1
  Eat: Chunk             |     1 |     9 |    25 ||    35
Armor: Leather armour    |    14 |       |       ||    14
       Ring mail         |    43 |    36 |       ||    79
       Chain mail        |       |    26 |    62 ||    88
       Plate armour      |       |       |    78 ||    78
Dodge: Dodged            |    65 |    65 |    51 ||   181
